 Dungeon Crawl Stone Soup version 0.29.0-13-gc9e81de378 (webtiles) character file.

Game seed: 1622178736710779749

1203 ILmort the Destroyer (level 8, 0/66 HPs)
             Began as a White Draconian Conjurer on Sept 10, 2022.
             Was a Believer of Vehumet.
             Slain by a killer bee (4 damage)
             ... on level 6 of the Dungeon.
             The game lasted 00:20:30 (5987 turns).

ILmort the Destroyer (White Draconian Conjurer)     Turns: 5987, Time: 00:20:31

Health: 0/66       AC:  8    Str:  9    XL:     8   Next: 21%
Magic:  14/16      EV: 12    Int: 22    God:    Vehumet [**....]
Gold:   317        SH:  0    Dex:  9    Spells: 15/18 levels left

rFire   . . .      SeeInvis .   c - +0 short sword
rCold   + . .      Faith    .   (no shield)
rNeg    . . .      Spirit   .   (body armour unavailable)
rPois   .          Reflect  .   (helmet restricted)
rElec   .          Harm     .   n - +0 cloak
rCorr   .          Rampage  .   (no gloves)
Will    .....                   v - +0 pair of boots
Stlth   ++........              (no amulet)
HPRegen 0.21/turn               m - +4 ring of slaying
MPRegen 0.15/turn               (no ring)

@: lethally poisoned (0 -> -3)
A: breathe frost, AC +6, unfitting armour, cold resistance 1, cold-blooded
a: Breathe Frost, Renounce Religion


You were on level 6 of the Dungeon.
You worshipped Vehumet.
Vehumet was pleased with you.
You visited 2 branches of the dungeon, and saw 7 of its levels.

You collected 317 gold pieces.

Inventory:

Hand Weapons
 c - a +0 short sword (weapon)
Missiles
 e - 4 datura-tipped darts
 q - 3 poisoned darts (quivered)
Armour
 n - a +0 cloak (worn)
 v - a +0 pair of boots (worn)
Jewellery
 m - a +4 ring of slaying (left hand)
Wands
 l - a wand of mindburst (2)
 r - a wand of polymorph (3)
 t - a wand of iceblast (1)
Scrolls
 i - 2 scrolls of amnesia
 j - a scroll of fog
 p - 2 scrolls of fear {unknown}
 s - a scroll of teleportation {unknown}
 u - a scroll of identify
Potions
 a - 3 potions of magic
 b - a potion of mutation {unknown}
 d - 3 potions of attraction
 f - a potion of flight
 g - a potion of brilliance
 h - 2 potions of lignification {unknown}
 o - 2 potions of degeneration {unknown}


   Skills:
 - Level 4.0 Fighting
 - Level 1.7 Dodging
 - Level 1.7 Stealth
 + Level 5.6 Spellcasting
 + Level 8.0 Conjurations


You had 15 spell levels left.
You knew the following spells:

 Your Spells              Type           Power      Damage    Failure   Level
a - Magic Dart            Conj           100%       1d8       1%          1
b - Searing Ray           Conj           82%        2d7       1%          2

Your spell library contained the following spells:

 Spells                   Type           Power      Damage    Failure   Level
 Sandblast                Erth           12%        2d6       10%         1
 Dazzling Flash           Conj/Hex       46%        N/A       5%          3
 Beastly Appendage        Tmut           12%        N/A       10%         1
 Wereblood                Tmut           6%         N/A       14%         2
 Fulminant Prism          Conj/Hex       11%        3d9       19%         4
 Iskenderun's Mystic Bla  Conj/Tloc      23%        2d6       19%         4
 Spider Form              Tmut/Pois      6%         N/A       28%         3
 Blade Hands              Tmut           3%         N/A       95%         5
 Iron Shot                Conj/Erth      11%        9d3       95%         6
 Animate Armour           Summ/Erth      Unusable   N/A       N/A         4

Dungeon Overview and Level Annotations

Branches:
Dungeon (6/15)             Temple (1/1) D:4

Altars:
Gozag
Hepliaklqana
Makhleb
Okawaru
Vehumet
Xom

Shops:
D:4 **   D:5 (

Annotations:
D:3 2 transporters, SonOfSpiff's ghost, amateur OpVM
D:5 Blork the orc


Innate Abilities, Weirdness & Mutations

You can breathe waves of freezing cold which knock back foes.
Your icy white scales are hard. (AC +6)
You cannot fit into any form of body armour.
Your flesh is cold resistant. (rC+)
You are cold-blooded and may be slowed by cold attacks.


Message History

You are more poisoned.
The killer bee poisons you!
The killer bee attacks as you move away!
The killer bee closely misses you.
You feel extremely sick.
The killer bee stings you. x2; The killer bee barely misses you.
The killer bee stings you but does no damage.
The killer bee attacks as you move away!
The killer bee barely misses you.
You feel very sick. The killer bee barely misses you.
The killer bee stings you but does no damage.
Blink to where?
As you read the scroll of blinking, it crumbles to dust.
* * * LOW HITPOINT WARNING * * *
You feel very sick.
* * * LOW HITPOINT WARNING * * *
You feel very sick.
* * * LOW HITPOINT WARNING * * *
You feel sick.
The killer bee attacks as you move away!
The killer bee barely misses you.
* * * LOW HITPOINT WARNING * * *
You feel very sick.
The killer bee stings you but does no damage.
Okay, then.
Blink to where?
As you read the scroll of blinking, it crumbles to dust.
You feel sick.
The killer bee attacks as you move away!
The killer bee misses you.
* * * LOW HITPOINT WARNING * * *
You feel sick.
The killer bee stings you but does no damage.
The killer bee attacks as you move away!
The killer bee closely misses you.
You feel sick.
You feel sick.
The killer bee stings you but does no damage.
The killer bee stings you.
You die...

..#.....##.##..#
#...###.##.##.#
.........#.y..#
#######...y#..#####
#.##........# #
#.#####.###..# #.####
#y##......# .
#....###§##.).(.>#
#@y##.##......#
...#####yy..##.######
#......†##..##.
#...[...######.
#.......# #.
######### y. y#


y You could see 3 killer bees.

Vanquished Creatures
  Grinder (D:4)
  Sigmund (D:5)
  Eustachio (D:5)
  2 ogres
  A bullfrog (D:6)
  A scorpion (D:5)
  2 hounds
  2 jellies
  2 iguanas (D:5)
  An orc wizard (D:5)
  Ijyb (D:3)
  Robin (D:5)
  10 adders
  An ufetubus (D:4)
  3 worms (D:3)
  2 dart slugs
  4 orcs (D:5)
  5 ball pythons
  6 bats
  7 endoplasms
  14 goblins
  7 hobgoblins
  5 jackals (D:5)
  3 quokkas
  2 frilled lizards (D:1)
  9 kobolds
  4 rats
98 creatures vanquished.

Vanquished Creatures (others)
  6 plants (D:3)
6 creatures vanquished.

Grand Total: 104 creatures vanquished

Notes
Turn   | Place    | Note
-------+----------+-------------------------------------------
     0 | D:1      | ILmort the Draconian Conjurer began the quest for the Orb.
     0 | D:1      | Reached XP level 1. HP: 14/14 MP: 3/3
   338 | D:1      | Found a faded altar of an unknown god.
   341 | D:1      | Reached XP level 2. HP: 20/20 MP: 1/5
  1191 | D:2      | You fall into a shaft and drop 2 floors!
  1192 | D:4      | Found a staircase to the Ecumenical Temple.
  1200 | Temple   | Entered the Ecumenical Temple
  1210 | Temple   | Became a worshipper of Vehumet
  1236 | D:4      | Found a shimmering altar of Xom.
  1252 | D:4      | Reached skill level 5 in Conjurations
  1277 | D:4      | Found a shimmering altar of Xom.
  1292 | D:4      | Reached XP level 3. HP: 26/26 MP: 4/6
  1301 | D:4      | Noticed Robin
  1325 | D:5      | Entered Level 5 of the Dungeon
  1380 | D:5      | Killed Robin
  1381 | D:5      | Reached skill level 1 in Fighting
  1485 | D:4      | Noticed Grinder
  1493 | D:4      | Paralysed by Grinder for 2 turns
  1700 | D:5      | Found a faded altar of an unknown god.
  1701 | D:5      | Found a hazy altar of Hepliaklqana.
  1701 | D:5      | Noticed Blork the orc
  1738 | D:4      | Reached XP level 4. HP: 36/36 MP: 1/7
  1930 | D:3      | Reached XP level 5. HP: 42/42 MP: 3/8
  2540 | D:3      | Reached * piety under Vehumet
  2540 | D:3      | Offered knowledge of Foxfire by Vehumet.
  2835 | D:3      | Found a transporter.
  2940 | D:3      | Found an opulent altar of Gozag.
  3023 | D:3      | Found a transporter.
  3172 | D:3      | Noticed SonOfSpiff's ghost (amateur OpVM)
  3408 | D:3      | Noticed Ijyb
  3436 | D:3      | Killed Ijyb
  3437 | D:3      | Reached skill level 6 in Conjurations
  3723 | D:4      | Learned a level 2 spell: Searing Ray
  3785 | D:4      | Noticed an ogre
  3795 | D:4      | Killed an ogre
  3796 | D:4      | Reached XP level 6. HP: 52/52 MP: 1/10
  3865 | D:4      | Found a shimmering altar of Xom.
  3867 | D:4      | Found a shimmering altar of Xom.
  3870 | D:4      | Found a shimmering altar of Xom.
  3957 | D:4      | Killed Grinder
  3958 | D:4      | Your scales start taking on an icy white colour.
  3958 | D:4      | Reached XP level 7. HP: 52/59 MP: 1/12
  3958 | D:4      | Gained mutation: Your flesh is cold resistant. (rC+) [White
                  | Draconian growth]
  4072 | D:4      | Found Rixosim's Fire Supplies.
  4212 | D:4      | Found Itoimit's Neck Hole.
  4413 | D:5      | Noticed Eustachio
  4418 | D:5      | Killed Eustachio
  4419 | D:5      | Reached skill level 7 in Conjurations
  4844 | D:5      | Reached ** piety under Vehumet
  4870 | D:5      | Found Vaelo's Weapon Boutique.
  4878 | D:5      | Offered knowledge of Sandblast by Vehumet.
  5210 | D:5      | Reached skill level 5 in Spellcasting
  5312 | D:5      | Noticed Sigmund
  5318 | D:5      | Killed Sigmund
  5319 | D:5      | Reached XP level 8. HP: 66/66 MP: 5/16
  5902 | D:6      | Reached skill level 8 in Conjurations
  5987 | D:6      | Slain by a killer bee

Illustrated notes

Levels and vault maps discovered:
D:1:      nzn_arrival_depleted_hourglass, layout_loops_ring,
          hellmonk_ecumenical_altar_zigzags, minmay_cut_off
D:2:      layout_rooms, minivault_25, amcnicky_mini_pool_small
D:3:      minmay_recursive_quarters, layout_basic,
          nicolae_gozag_cash_rules_everything_around_me,
          gammafunk_ghost_gnarly_gnolls, uniq_ijyb
D:4:      layout_loops_ring, xom_redecorated, minmay_temple_entry_tees,
          nicolae_shop_fire_sale [nicolae_sub_dead_trees],
          nicolae_shop_sticking_my_neck_out, uniq_grinder, uniq_robin
D:5:      layout_layer_cave, beargit_hepliaklqana_dungeon_heroes, serial_shops,
          shop, hex_medium, uniq_sigmund, uniq_eustachio
D:6:      layout_rooms, uniq_edmund
Temple:   nicolae_temple_elliptical

Skill      XL: |  1  2  3  4  5  6  7  8 |
---------------+-------------------------+-----
Conjurations   | 5 6 7 8 |  8.0
Fighting       | 2 3 4 |  4.0
Spellcasting   | 3 5 |  5.6
Dodging        | |  1.7
Stealth        | |  1.7

Action                   |  1- 3 |  4- 6 |  7- 9 || total
-------------------------+-------+-------+-------++-------
Melee: Short sword       |    38 |    15 |    28 ||    81
       Tailslap          |     5 |     2 |     4 ||    11
       Unarmed           |       |    15 |       ||    15
 Cast: Magic Dart        |    63 |    89 |    42 ||   194
       Searing Ray       |       |     8 |    27 ||    35
 Abil: Breathe Frost     |       |       |     2 ||     2
  Use: Scroll            |       |     6 |     2 ||     8
Armor: Skin              |    24 |     8 |    19 ||    51
Dodge: Dodged            |    40 |    19 |    30 ||    89
